 Dungeon Crawl Stone Soup version 0.27-a0-25-g087482e4d5 (webtiles) character file.

Game seed: 7054405615271994428

248 alexyer the Chopper (level 5, 0/72 HPs)
             Began as a Minotaur Berserker on Jan 3, 2021.
             Was a Priest of Trog.
             Slain by a gnoll
             ... wielding a +0 club
              (3 damage)
             ... on level 3 of the Dungeon.
             The game lasted 00:07:34 (3187 turns).

alexyer the Chopper (Minotaur Berserker)            Turns: 3187, Time: 00:07:34

Health: 0/72       AC: 22    Str: 22    XL:     5   Next: 86%
Magic:  4/4        EV:  2    Int:  4    God:    Trog [***...]
Gold:   70         SH:  0    Dex: 10    Spells: 4/4 levels left

rFire    . . .     SeeInvis .   a - +0 hand axe
rCold    . . .     Faith    .   (no shield)
rNeg     + + +     Spirit   .   (armour currently unavailable)
rPois    +         Reflect  .   (helmet currently unavailable)
rElec    .         Harm     .   (cloak currently unavailable)
rCorr    .         Rampage  .   (gloves currently unavailable)
Will     .....     NoTele   +   (boots currently unavailable)
Stlth    +.........             (no amulet)
HPRegen  0.22/turn              (no ring)
MPRegen  0.09/turn              (no ring)

@: tree-form (expiring), berserk cooldown, slowed, very slow
A: (retaliatory headbutt)
a: Renounce Religion, Berserk, Trog's Hand


You were on level 3 of the Dungeon.
You worshipped Trog.
Trog was most pleased with you.
You were a tree.
You visited 1 branch of the dungeon, and saw 3 of its levels.

You collected 70 gold pieces.

Inventory:

Hand Weapons
 a - a +0 hand axe (weapon)
Armour
 m - a +0 ring mail (melded)
Jewellery
 i - an uncursed ring of protection from fire {unknown}
Scrolls
 b - 2 scrolls of magic mapping {unknown}
 c - a scroll of fear {unknown}
 d - 2 scrolls of remove curse {unknown}
 f - 2 scrolls of identify
 g - a scroll of blinking
 n - a scroll of enchant weapon {unknown}
Potions
 e - a potion of lignification
 h - a potion of invisibility {unknown}
 j - a potion of ambrosia {unknown}
 k - a potion of mutation {unknown}
 l - 2 potions of curing {unknown}


   Skills:
 + Level 5.3 Fighting
 + Level 5.7 Axes
 + Level 3.7 Armour
 + Level 3.2 Dodging


You had 4 spell levels left.
You didn't know any spells.
Your spell library was empty.

Dungeon Overview and Level Annotations

Branches:
Dungeon (3/15)

Altars:
Ru
Wu Jian


Innate Abilities, Weirdness & Mutations

((You reflexively headbutt those who attack you in melee.))
((You have a pair of horns on your head.))


Message History

The gnoll hits you but does no damage. x2
The hobgoblin hits you but does no damage.
You hit the hobgoblin.
You kill the hobgoblin!
Trog accepts your kill.
The gnoll hits you from afar with a +0 spear.
* * * LOW HITPOINT WARNING * * *
The gnoll hits you but does no damage. x4
You hit the gnoll.
The gnoll is moderately wounded.
The gnoll hits you but does no damage. x2; The gnoll hits you with a +0 club.
* * * LOW HITPOINT WARNING * * *
You hit the gnoll but do no damage.
The gnoll is moderately wounded.
The gnoll hits you but does no damage. x5
You barely miss the gnoll.
The gnoll is moderately wounded.
Your transformation is almost over.
The gnoll hits you with a +0 club.
You die...

######## ################
#......## ##.....#.......#.
#.....)(###.....)).......#.
#....)((.#.......#########.
......))..g#)...........))#..
...........g♣...........))).. ≈≈≈
..........g#)(...........)#.. ≈≈#
'##........#(....((#########. ≈≈#
#.......###(.....).(.)...#. ≈≈#
#......## ##.(...#.......#. ≈≈#
###########################
≈≈#####≈≈≈≈≈≈≈≈≈≈≈≈≈≈≈≈≈≈≈≈≈≈≈≈.)
≈≈≈≈≈≈≈≈≈≈≈≈≈≈≈≈≈≈≈≈≈≈≈≈≈≈≈≈≈≈≈..
≈≈≈≈≈≈≈≈≈≈≈≈≈≈≈≈≈≈≈≈≈≈≈≈≈≈≈≈≈≈≈..


You could see 3 gnolls.

Vanquished Creatures
  A black bear (D:3)
  2 adders (D:2)
  3 gnolls (D:3)
  2 worms (D:2)
  2 dart slugs
  A leopard gecko (D:2)
  An orc (D:3)
  A ball python (D:3)
  3 giant cockroaches
  27 goblins
  19 hobgoblins
  3 jackals (D:1)
  7 kobolds
  A quokka (D:2)
  6 bats
  4 frilled lizards
  3 rats
86 creatures vanquished.

Notes
Turn   | Place    | Note
-------+----------+-------------------------------------------
     0 | D:1      | alexyer the Minotaur Berserker began the quest for the Orb.
     0 | D:1      | Reached XP level 1. HP: 19/19 MP: 0/0
    24 | D:1      | HP: 1/20 [jackal (2)]
   443 | D:1      | Reached XP level 2. HP: 26/27 MP: 1/1
   983 | D:2      | Reached XP level 3. HP: 34/34 MP: 2/2
  1084 | D:2      | Reached ** piety under Trog
  1105 | D:2      | Found an ornate altar of the Wu Jian Council.
  1828 | D:2      | Reached XP level 4. HP: 41/41 MP: 3/3
  2009 | D:3      | Found a faded altar of an unknown god.
  2327 | D:3      | Found a sacrificial altar of Ru.
  2587 | D:3      | Noticed a black bear
  2591 | D:3      | Killed a black bear
  2592 | D:3      | Reached skill level 5 in Fighting
  2592 | D:3      | Reached skill level 5 in Axes
  2592 | D:3      | Reached XP level 5. HP: 45/48 MP: 4/4
  3151 | D:3      | Reached *** piety under Trog
  3185 | D:3      | HP: 2/72 [gnoll/+0 club (3)]
  3187 | D:3      | Slain by a gnoll

Illustrated notes

Levels and vault maps discovered:
D:1:      saegor_arrival_simple_b, layout_rooms
D:2:      layout_basic, pdpol_wu_jian_five_deadly_venoms, grunt_decor_junction,
          hangedman_abyss_or_decor_lesser_grid
D:3:      minmay_goblin_kobold_castle, layout_loops_corners, marbit_many_paths,
          chequers_ecumenical_altar_simple

Skill      XL: |  1  2  3  4  5 |
---------------+----------------+-----
Fighting       | 4 5 |  5.3
Axes           | 4 5 |  5.7
Armour         | 3 |  3.7
Dodging        | 3 |  3.2

Action                   |  1- 3 |  4- 6 || total
-------------------------+-------+-------++-------
Melee: Hand axe          |    93 |    89 ||   182
       Headbutt          |    13 |    10 ||    23
Invok: Berserk           |     1 |     1 ||     2
  Use: Scroll            |     2 |     1 ||     3
       Potion            |       |     1 ||     1
 Stab: Sleeping          |     1 |       ||     1
Armor: Animal skin       |     9 |       ||     9
       Leather armour    |    11 |       ||    11
       Ring mail         |       |    27 ||    27
       Skin              |       |    51 ||    51
Dodge: Dodged            |    46 |    71 ||   117

Table legend: (Time is in decaauts)
 A = Elapsed time spent in this place.
 B = Non-inter-level travel time spent in this place.
 C = Inter-level travel time spent in this place.
 D = Time resting spent in this place.
 E = Time spent auto-exploring this place.
 F = Levels seen in this place.
 G = Mean time per level.
                   A        B        C        D        E       F      G
               +--------+--------+--------+--------+--------+-----+--------+
         Total |   3210 |   3163 |     47 |    322 |   2312 |   3 | 1070.0 |
       Dungeon |   3210 |   3163 |     47 |    322 |   2312 |   3 | 1070.0 |
               +--------+--------+--------+--------+--------+-----+--------+

Top non-repeatable levels by time:
     D:3: 1237 daAuts
     D:2: 1091 daAuts
     D:1: 881 daAuts
